| TOP OF THE 1ST |
|
Great Lakes Loons batting - Pitching for West Virginia Power : LHP Alfredo Carranza
|
|
Pitching: LHP Alfredo Carranza
|
|
|
Batting: RHB Ruben Serrata
|
0-0: Swinging Strike 0-1: Foul Ball, location: 2F 0-2: Ball 1-2: Ball 2-2: Ball 3-2: Strikes out swinging
|
|
Batting: LHB Tore Bosch
|
0-0: Ball 1-0: Swinging Strike 1-1: Called Strike 1-2: Strikes out swinging
|
|
Batting: RHB Eddie Perry
|
0-0: Ball 1-0: Ball 2-0: Ball 3-0: Base on Balls
|
|
Batting: RHB Steve Clark
|
0-0: Ball 1-0: Ball 2-0: Ball 3-0: Base on Balls Eddie Perry to second
|
|
Batting: RHB Justin Curran
|
0-0: Ball 1-0: Called Strike 1-1: Ball 2-1: Foul Ball, location: 2F 2-2: Ball 3-2: Fly out, F2 (Popup, 15S, EV 81.9 MPH)
|
| Top of the 1st over - 0 runs, 0 hits, 0 errors, 2 left on base; Great Lakes 0 - West Virginia 0 |
| BOTTOM OF THE 1ST |
|
West Virginia Power batting - Pitching for Great Lakes Loons : RHP Pat Matera
|
|
Pitching: RHP Pat Matera
|
|
|
Batting: RHB Ken Manser
|
0-0: Ball 1-0: Ball 2-0: Ground out U3 (Groundball, 3, EV 106.9 MPH)
|
|
Batting: LHB Donald Imre
|
0-0: SINGLE (Groundball, 6M, EV 78.1 MPH) (infield hit)
|
|
Batting: LHB Carlos Vega
|
0-0: Ball 1-0: Ball 2-0: Called Strike 2-1: Ball 3-1: Foul Ball, location: 2F 3-2: Base on Balls Donald Imre to second
|
|
Batting: LHB Joe Wise
|
0-0: Ball 1-0: Called Strike 1-1: Called Strike 1-2: Ball 2-2: Ball 3-2: Fly out, F7 (Flyball, 78M, EV 84.4 MPH)
|
|
Batting: RHB Jeff Edwards
|
0-0: Called Strike 0-1: Ball 1-1: SINGLE (Flyball, 8RS, EV 91.2 MPH) Donald Imre to third Carlos Vega to second Runner from 3rd tries for Home, SAFE, throw by CF to home
|
|
Batting: LHB Tomohiro Yokoyama
|
0-0: Foul Ball, location: 2F 0-1: Ball 1-1: SINGLE (Groundball, 34D, EV 110.0 MPH) Carlos Vega to third Jeff Edwards to second Runner from 3rd tries for Home, SAFE, throw by RF to home
|
|
Batting: RHB Tom Tate
|
0-0: Ball 1-0: Fly out, F7 (Flyball, 7S, EV 93.1 MPH)
|
| Bottom of the 1st over - 2 runs, 3 hits, 0 errors, 2 left on base; Great Lakes 0 - West Virginia 2 |
| TOP OF THE 2ND |
|
Great Lakes Loons batting - Pitching for West Virginia Power : LHP Alfredo Carranza
|
|
Now at 1B: Nick Wilkins
|
|
|
Batting: RHB Trevor Conklin
|
0-0: Called Strike 0-1: Ball 1-1: Foul Ball, location: 2F 1-2: Fly out, F9 (Flyball, 9D, EV 101.9 MPH)
|
|
Batting: RHB Jason Baldwin
|
0-0: Called Strike 0-1: Called Strike 0-2: Ball 1-2: Strikes out swinging
|
|
Batting: LHB Jim Jardine
|
0-0: Ball 1-0: Called Strike 1-1: Ball 2-1: Ball 3-1: Base on Balls
|
|
Batting: LHB Cory Bowler
|
0-0: Called Strike 0-1: Ball 1-1: Ball 2-1: Ground out U3 (Groundball, 3L, EV 102.5 MPH)
|
| Top of the 2nd over - 0 runs, 0 hits, 0 errors, 1 left on base; Great Lakes 0 - West Virginia 2 |
| BOTTOM OF THE 2ND |
|
West Virginia Power batting - Pitching for Great Lakes Loons : RHP Pat Matera
|
|
Batting: LHB Brandon Sarni
|
0-0: SINGLE (Groundball, 3S, EV 73.8 MPH) (infield hit)
|
|
Pinch Runner at 1st Gregg Kellerman:
|
|
|
Batting: RHB John Goynes
|
0-0: Ball 1-0: Swinging Strike 1-1: Grounds into double play, 6-4-3 (Groundball, 6, EV 80.6 MPH)
|
|
Batting: RHB Ken Manser
|
0-0: Foul Ball, location: 2F 0-1: Ball 1-1: Swinging Strike 1-2: Ball 2-2: Ball 3-2: Fly out, F8 (Flyball, 8LD, EV 88.8 MPH)
|
| Bottom of the 2nd over - 0 runs, 1 hit, 0 errors, 0 left on base; Great Lakes 0 - West Virginia 2 |
| TOP OF THE 3RD |
|
Great Lakes Loons batting - Pitching for West Virginia Power : LHP Alfredo Carranza
|
|
Now at 3B: Gregg Kellerman
|
|
|
Now at SS: Ken Manser
|
|
|
Batting: RHB Ruben Serrata
|
0-0: Ball 1-0: Called Strike 1-1: Foul Ball, location: 2F 1-2: Ball 2-2: Ball 3-2: Foul Ball, location: 2F 3-2: Base on Balls
|
|
Batting: LHB Tore Bosch
|
0-0: Ball 1-0: Called Strike 1-1: Ball 2-1: Foul Ball, location: 2F 2-2: Ball 3-2: Base on Balls Ruben Serrata to second
|
|
Batting: RHB Eddie Perry
|
0-0: Ball 1-0: Foul Ball, location: 2F 1-1: Fly out, F7 (Flyball, 7LM, EV 75.0 MPH)
|
|
Batting: RHB Steve Clark
|
0-0: Ball 1-0: Foul Ball, location: 2F 1-1: SINGLE (Groundball, 6MD, EV 107.5 MPH) Ruben Serrata to third Tore Bosch to second
|
|
Batting: RHB Justin Curran
|
0-0: Ball 1-0: Swinging Strike 1-1: Ball 2-1: Ball Passed Ball! Ruben Serrata scores Tore Bosch to third Steve Clark to second 3-1: Swinging Strike 3-2: Base on Balls
|
|
Batting: RHB Trevor Conklin
|
0-0: Ball 1-0: Ball Wild Pitch! Tore Bosch scores Steve Clark to third Justin Curran to second 2-0: Ball 3-0: Called Strike 3-1: Base on Balls
|
|
Batting: RHB Jason Baldwin
|
0-0: Swinging Strike 0-1: Swinging Strike 0-2: Ball 1-2: Strikes out swinging
|
|
Batting: LHB Jim Jardine
|
0-0: Called Strike 0-1: Ball 1-1: Foul Ball, location: 2F 1-2: Foul Ball, location: 2F 1-2: Foul Ball, location: 2F 1-2: Strikes out swinging
|
| Top of the 3rd over - 2 runs, 1 hit, 0 errors, 3 left on base; Great Lakes 2 - West Virginia 2 |
| BOTTOM OF THE 3RD |
|
West Virginia Power batting - Pitching for Great Lakes Loons : RHP Pat Matera
|
|
Batting: LHB Donald Imre
|
0-0: Ball 1-0: Ball 2-0: Ball 3-0: Called Strike 3-1: Base on Balls
|
|
Batting: RHB Nick Wilkins
|
0-0: Called Strike 0-1: SINGLE (Groundball, 6MD, EV 98.8 MPH) Donald Imre to second
|
|
Batting: LHB Joe Wise
|
0-0: Ball 1-0: Ball 2-0: Foul Ball, location: 2F 2-1: Ball 3-1: SINGLE (Line Drive, 34D, EV 108.8 MPH) Donald Imre to third Nick Wilkins to second
|
|
Batting: RHB Jeff Edwards
|
0-0: Ball 1-0: Called Strike 1-1: Foul Ball, location: 2F 1-2: Ball 2-2: SINGLE (Groundball, 6MD, EV 96.2 MPH) Donald Imre scores Nick Wilkins to third Joe Wise to second
|
|
Batting: LHB Tomohiro Yokoyama
|
0-0: Called Strike 0-1: Hit by Pitch Nick Wilkins scores Joe Wise to third Jeff Edwards to second
|
|
Batting: RHB Tom Tate
|
0-0: Ball 1-0: Ball 2-0: Ball 3-0: Base on Balls Joe Wise scores Jeff Edwards to third Tomohiro Yokoyama to second
|
|
Batting: LHB Gregg Kellerman
|
0-0: Ball 1-0: Ball 2-0: Called Strike 2-1: Foul Ball, location: 2F 2-2: Grounds into fielders choice 3-2 (Groundball, 3S, EV 66.9 MPH) Tomohiro Yokoyama to third Tom Tate to second
|
|
Batting: RHB John Goynes
|
0-0: Foul Ball, location: 2F 0-1: Ball Wild Pitch! Tomohiro Yokoyama scores Tom Tate to third Gregg Kellerman to second 1-1: Called Strike 1-2: Strikes out looking
|
|
Batting: RHB Ken Manser
|
0-0: Called Strike 0-1: SINGLE (Groundball, 56S, EV 73.1 MPH) (infield hit) Tom Tate scores Gregg Kellerman to third
|
|
Pitching: RHP Alberto Castillo
|
|
|
Batting: LHB Donald Imre
|
0-0: Called Strike 0-1: Ball 1-1: Ball 2-1: Called Strike 2-2: SINGLE (Groundball, 56D, EV 111.2 MPH) Gregg Kellerman scores Ken Manser to second Runner from 2nd tries for 3rd, SAFE, no throw by LF
|
|
Batting: RHB Nick Wilkins
|
0-0: Ball 1-0: Called Strike 1-1: Ball 2-1: Foul Ball, location: 2F 2-2: Ball 3-2: Base on Balls Donald Imre to second
|
|
Batting: LHB Joe Wise
|
0-0: Swinging Strike 0-1: Ball 1-1: Ball 2-1: Called Strike 2-2: Foul Ball, location: 2F 2-2: Ball 3-2: Foul Ball, location: 2F 3-2: Foul Ball, location: 2F 3-2: Strikes out swinging
|
| Bottom of the 3rd over - 6 runs, 5 hits, 0 errors, 3 left on base; Great Lakes 2 - West Virginia 8 |
| TOP OF THE 4TH |
|
Great Lakes Loons batting - Pitching for West Virginia Power : LHP Alfredo Carranza
|
|
Batting: LHB Cory Bowler
|
0-0: Foul Ball, location: 2F 0-1: Foul Ball, location: 2F 0-2: Ball 1-2: SINGLE (Line Drive, 7LS, EV 105.6 MPH)
|
|
Batting: RHB Ruben Serrata
|
0-0: Fielders Choice at 2nd, 6-4 (Groundball, 6, EV 103.1 MPH)
|
|
Batting: LHB Tore Bosch
|
0-0: Called Strike 0-1: Ball 1-1: Ball 2-1: Swinging Strike 2-2: Ball 3-2: Strikes out swinging Ruben Serrata is caught stealing 2nd base 2-6 Batter strikes out.
|
| Top of the 4th over - 0 runs, 1 hit, 0 errors, 0 left on base; Great Lakes 2 - West Virginia 8 |
| BOTTOM OF THE 4TH |
|
West Virginia Power batting - Pitching for Great Lakes Loons : RHP Alberto Castillo
|
|
Batting: RHB Jeff Edwards
|
0-0: Ball 1-0: Foul Ball, location: 2F 1-1: Ground out 4-3 (Groundball, 4, EV 85.6 MPH)
|
|
Batting: LHB Tomohiro Yokoyama
|
0-0: Fly out, F8 (Flyball, 78M, EV 92.5 MPH)
|
|
Batting: RHB Tom Tate
|
0-0: SOLO HOME RUN (Flyball, 7D, EV 101.9 MPH), Distance : 385 ft
|
|
Batting: LHB Gregg Kellerman
|
0-0: Ball 1-0: Ball 2-0: Called Strike 2-1: Ball 3-1: Base on Balls
|
|
Batting: RHB John Goynes
|
0-0: Ball 1-0: Ball 2-0: Fly out, F8 (Line Drive, 8RD, EV 90.0 MPH)
|
| Bottom of the 4th over - 1 run, 1 hit, 0 errors, 1 left on base; Great Lakes 2 - West Virginia 9 |
| TOP OF THE 5TH |
|
Great Lakes Loons batting - Pitching for West Virginia Power : LHP Alfredo Carranza
|
|
Pitching: RHP Dave Weinraub
|
|
|
Batting: RHB Eddie Perry
|
0-0: Fly out, F9 (Flyball, 9S, EV 79.4 MPH)
|
|
Batting: RHB Steve Clark
|
0-0: Ball 1-0: Ball 2-0: Fly out, F7 (Flyball, 7, EV 88.8 MPH)
|
|
Batting: RHB Justin Curran
|
0-0: Ball 1-0: Ball 2-0: Called Strike 2-1: Fly out, F9 (Line Drive, 9S, EV 90.0 MPH)
|
| Top of the 5th over - 0 runs, 0 hits, 0 errors, 0 left on base; Great Lakes 2 - West Virginia 9 |
| BOTTOM OF THE 5TH |
|
West Virginia Power batting - Pitching for Great Lakes Loons : RHP Alberto Castillo
|
|
Batting: RHB Ken Manser
|
0-0: Foul Ball, location: 2F 0-1: Ball 1-1: Called Strike 1-2: Strikes out swinging
|
|
Batting: LHB Donald Imre
|
0-0: Ball 1-0: Ball 2-0: Called Strike 2-1: Ball 3-1: Called Strike 3-2: Ground out 6-3 (Groundball, 6, EV 90.0 MPH)
|
|
Batting: RHB Nick Wilkins
|
0-0: Called Strike 0-1: Called Strike 0-2: Ball 1-2: Ball 2-2: Strikes out swinging
|
| Bottom of the 5th over - 0 runs, 0 hits, 0 errors, 0 left on base; Great Lakes 2 - West Virginia 9 |
| TOP OF THE 6TH |
|
Great Lakes Loons batting - Pitching for West Virginia Power : RHP Dave Weinraub
|
|
Batting: RHB Trevor Conklin
|
0-0: Ball 1-0: Ball 2-0: Called Strike 2-1: Foul Ball, location: 2F 2-2: Strikes out looking
|
|
Batting: RHB Jason Baldwin
|
0-0: Called Strike 0-1: Ball 1-1: Reached on error, E5 (Groundball, 5, EV 96.9 MPH)
|
|
Batting: LHB Jim Jardine
|
0-0: Ball Jason Baldwin steals 3rd base 1-0: Foul Ball, location: 2F 1-1: Fly out, F7 (Flyball, 78D, EV 101.9 MPH) Runner from 3rd tags up, SCORES, throw by LF
|
|
Batting: LHB Cory Bowler
|
0-0: Ball 1-0: Ball 2-0: Called Strike 2-1: Ball 3-1: Base on Balls
|
|
Batting: RHB Ruben Serrata
|
0-0: Swinging Strike 0-1: Ball 1-1: Foul Ball, location: 2F 1-2: Ball Wild Pitch! Cory Bowler to second 2-2: Foul Ball, location: 2F 2-2: Ball 3-2: Foul Ball, location: 2F 3-2: Ground out 1-3 (Groundball, P, EV 63.1 MPH)
|
| Top of the 6th over - 1 run, 0 hits, 1 error, 1 left on base; Great Lakes 3 - West Virginia 9 |
| BOTTOM OF THE 6TH |
|
West Virginia Power batting - Pitching for Great Lakes Loons : RHP Alberto Castillo
|
|
Batting: LHB Joe Wise
|
0-0: Called Strike 0-1: Swinging Strike 0-2: Foul Ball, location: 2F 0-2: Ball 1-2: Foul Ball, location: 2F 1-2: Foul Ball, location: 2F 1-2: Strikes out looking
|
|
Batting: RHB Jeff Edwards
|
0-0: Ball 1-0: Called Strike 1-1: Called Strike 1-2: Strikes out swinging
|
|
Batting: LHB Tomohiro Yokoyama
|
0-0: Called Strike 0-1: Ball 1-1: Ball 2-1: Called Strike 2-2: Ground out 4-3 (Groundball, 4, EV 77.5 MPH)
|
| Bottom of the 6th over - 0 runs, 0 hits, 0 errors, 0 left on base; Great Lakes 3 - West Virginia 9 |
| TOP OF THE 7TH |
|
Great Lakes Loons batting - Pitching for West Virginia Power : RHP Dave Weinraub
|
|
Batting: LHB Tore Bosch
|
0-0: Ball 1-0: Called Strike 1-1: Foul Ball, location: 2F 1-2: Ball 2-2: Strikes out looking
|
|
Batting: RHB Eddie Perry
|
0-0: Ball 1-0: Ball 2-0: Ball 3-0: Base on Balls
|
|
Batting: RHB Steve Clark
|
0-0: Ball 1-0: Called Strike 1-1: Ball 2-1: Foul Ball, location: 2F 2-2: Foul Ball, location: 2F 2-2: DOUBLE (Flyball, 8RXD, EV 98.1 MPH) Eddie Perry to third
|
|
Pitching: RHP Adam Monge
|
|
|
Batting: RHB Justin Curran
|
0-0: Foul Ball, location: 2F 0-1: Ground out 5-3 (Groundball, 56, EV 101.2 MPH) Eddie Perry scores
|
|
Batting: RHB Trevor Conklin
|
0-0: Ball 1-0: Fly out, F7 (Flyball, 7S, EV 95.6 MPH)
|
| Top of the 7th over - 1 run, 1 hit, 0 errors, 1 left on base; Great Lakes 4 - West Virginia 9 |
| BOTTOM OF THE 7TH |
|
West Virginia Power batting - Pitching for Great Lakes Loons : RHP Alberto Castillo
|
|
Batting: RHB Tom Tate
|
0-0: Ball 1-0: Ball 2-0: SINGLE (Line Drive, 6MD, EV 96.2 MPH)
|
|
Batting: LHB Gregg Kellerman
|
0-0: SINGLE (Flyball, 6D, EV 86.2 MPH) Tom Tate to second
|
|
Pitching: RHP Mike Richardson
|
|
|
Batting: RHB John Goynes
|
0-0: Foul Ball, location: 2F 0-1: Swinging Strike 0-2: Ball 1-2: Foul Ball, location: 2F 1-2: TRIPLE (Line Drive, 78XD, EV 111.2 MPH) Tom Tate scores Gregg Kellerman scores
|
|
Batting: RHB Ken Manser
|
0-0: Ball 1-0: Ball 2-0: Ground out 6-3 (Groundball, P, EV 89.4 MPH) John Goynes scores
|
|
Batting: LHB Donald Imre
|
0-0: Ball 1-0: Ball 2-0: Foul Ball, location: 2F 2-1: Ball 3-1: Foul Ball, location: 2F 3-2: Base on Balls
|
|
Batting: RHB Nick Wilkins
|
0-0: Fielders Choice at 2nd, 2-6 (Groundball, 13S, EV 71.9 MPH)
|
|
Batting: LHB Joe Wise
|
0-0: Fly out, F8 (Flyball, 8LD, EV 100.0 MPH)
|
| Bottom of the 7th over - 3 runs, 3 hits, 0 errors, 1 left on base; Great Lakes 4 - West Virginia 12 |
| TOP OF THE 8TH |
|
Great Lakes Loons batting - Pitching for West Virginia Power : RHP Adam Monge
|
|
Batting: RHB Jason Baldwin
|
0-0: Ball 1-0: Ball 2-0: Called Strike 2-1: Called Strike 2-2: Foul Ball, location: 2F 2-2: Strikes out swinging, 2-3 out at first.
|
|
Batting: LHB Jim Jardine
|
0-0: Fly out, F9 (Flyball, 9LSF, EV 93.1 MPH)
|
|
Batting: LHB Cory Bowler
|
0-0: Called Strike 0-1: Swinging Strike 0-2: Ball 1-2: Foul Ball, location: 2F 1-2: Ball 2-2: Ball 3-2: SINGLE (Groundball, 6MD, EV 96.2 MPH)
|
|
Batting: RHB Ruben Serrata
|
0-0: Hit by Pitch Cory Bowler to second
|
|
Batting: LHB Tore Bosch
|
0-0: Swinging Strike 0-1: Fly out, F7 (Flyball, 7LM, EV 88.1 MPH)
|
| Top of the 8th over - 0 runs, 1 hit, 0 errors, 2 left on base; Great Lakes 4 - West Virginia 12 |
| BOTTOM OF THE 8TH |
|
West Virginia Power batting - Pitching for Great Lakes Loons : RHP Mike Richardson
|
|
Batting: RHB Jeff Edwards
|
0-0: Called Strike 0-1: Ball 1-1: Fly out, F7 (Flyball, 78M, EV 85.0 MPH)
|
|
Batting: LHB Tomohiro Yokoyama
|
0-0: Called Strike 0-1: Foul Ball, location: 2F 0-2: Foul Ball, location: 2F 0-2: Ball 1-2: Ball 2-2: SOLO HOME RUN (Flyball, 9LD, EV 94.4 MPH), Distance : 340 ft
|
|
Batting: RHB Tom Tate
|
0-0: Ball 1-0: Ball 2-0: Ball 3-0: Base on Balls
|
|
Batting: LHB Gregg Kellerman
|
0-0: Swinging Strike 0-1: Ball 1-1: Foul Ball, location: 2F 1-2: Strikes out swinging
|
|
Batting: RHB John Goynes
|
0-0: Fielders Choice at 2nd, 6-4 (Groundball, 6, EV 85.0 MPH)
|
| Bottom of the 8th over - 1 run, 1 hit, 0 errors, 1 left on base; Great Lakes 4 - West Virginia 13 |
| TOP OF THE 9TH |
|
Great Lakes Loons batting - Pitching for West Virginia Power : RHP Adam Monge
|
|
Batting: RHB Eddie Perry
|
0-0: Ball 1-0: Ball 2-0: Foul Ball, location: 2F 2-1: DOUBLE (Flyball, 8LXD, EV 105.6 MPH)
|
|
Batting: RHB Steve Clark
|
0-0: DOUBLE (Line Drive, 89M, EV 95.6 MPH) Eddie Perry scores
|
|
Batting: RHB Justin Curran
|
0-0: 2-RUN HOME RUN (Flyball, 89XD, EV 99.4 MPH), Distance : 389 ft
|
|
Pitching: RHP Kevin Beury
|
|
|
Batting: RHB Trevor Conklin
|
0-0: Ball 1-0: Called Strike 1-1: Foul Ball, location: 2F 1-2: Ball 2-2: Ball 3-2: Strikes out swinging
|
|
Batting: RHB Jason Baldwin
|
0-0: Called Strike 0-1: Foul Ball, location: 2F 0-2: Ball 1-2: SINGLE (Line Drive, 7S, EV 99.4 MPH)
|
|
Batting: LHB Jim Jardine
|
0-0: Ball 1-0: Foul Ball, location: 2F 1-1: Ball 2-1: Foul Ball, location: 2F 2-2: Foul Ball, location: 2F 2-2: Ball 3-2: Strikes out looking
|
|
Batting: LHB Cory Bowler
|
0-0: Called Strike 0-1: Ball 1-1: Called Strike 1-2: Foul Ball, location: 2F 1-2: Foul Ball, location: 2F 1-2: Fly out, F5 (Line Drive, 5, EV 63.8 MPH)
|
| Top of the 9th over - 3 runs, 4 hits, 0 errors, 1 left on base; Great Lakes 7 - West Virginia 13 |
|